 Dungeon Crawl Stone Soup version 0.27-a0-1572-gacd6f1ce93 (webtiles) character file.

Game seed: 7456744731406174577

296 Blejac999 the Magician (level 6, -5/42 HPs)
             Began as a Mummy Necromancer on July 17, 2021.
             Slain by Sigmund (13 damage)
             ... on level 4 of the Dungeon.
             The game lasted 00:11:22 (4783 turns).

Blejac999 the Magician (Mummy Necromancer)          Turns: 4783, Time: 00:11:24

Health: -5/42      AC:  3    Str: 11    XL:     6   Next: 12%
Magic:  10/14      EV: 11    Int: 17    God:
Gold:   239        SH:  3    Dex: 12    Spells: 7/16 levels left

rFire    x . .     SeeInvis .   h - +3 dagger (drain)
rCold    + . .     Faith    .   e - +0 buckler
rNeg     + + +     Spirit   .   a - +1 robe
rPois    ∞         Reflect  .   (no helmet)
rElec    .         Harm     .   (no cloak)
rCorr    .         Rampage  .   (no gloves)
Will     .....                  (no boots)
Stlth    ++........             (no amulet)
HPRegen  0.14/turn              c - ring of flight
MPRegen  0.14/turn              (no ring)

@: flying
A: cold resistance 1, negative energy resistance 3, torment resistance 2, heat
vulnerability 1, no potions
a: no special abilities


You were on level 4 of the Dungeon.
You visited 1 branch of the dungeon, and saw 4 of its levels.

You collected 239 gold pieces.

Inventory:

Hand Weapons
 h - a +3 dagger of draining (weapon)
Armour
 a - a +1 robe (worn)
 e - a +0 buckler (worn)
Jewellery
 c - a ring of flight (left hand)
Scrolls
 b - a scroll of brand weapon
 d - 4 scrolls of identify
 f - a scroll of teleportation


   Skills:
 + Level 0.3 Fighting
 + Level 0.4 Short Blades
 + Level 1.7 Dodging
 + Level 1.9 Stealth
 + Level 0.1 Shields
 + Level 5.8 Spellcasting
 + Level 5.6 Necromancy


You had 7 spell levels left.
You knew the following spells:

 Your Spells              Type           Power      Damage    Failure   Level
a - Pain                  Necr           96%        1d8       2%          1
b - Animate Skeleton      Necr           48%        N/A       2%          1
c - Vampiric Draining     Necr           12%        2d7       6%          3
d - Animate Dead          Necr           12%        N/A       22%         4

Your spell library contained the following spells:

 Spells                   Type           Power      Damage    Failure   Level
 Agony                    Necr           24%        N/A       52%         5


Dungeon Overview and Level Annotations

Branches:
Dungeon (4/15)
 Temple: D:4-7

Altars:
Cheibriados
Fedhas

Shops:
D:4 (

Annotations:
D:4 Sigmund


Innate Abilities, Weirdness & Mutations

You are immune to poison.
Your flesh is cold resistant. (rC+)
You are immune to negative energy. (rN+++)
You are immune to unholy pain and torment.
You are vulnerable to heat. (rF-)
You do not drink.


Message History

Casting: Pain (safe; 2% risk of failure)
Confirm with . or Enter, or press ? or * to list all spells.
Aiming: Pain (safe; 2% risk of failure)
Press: ? - help, Shift-Dir - straight line, f/p - endoplasm
Aim: an endoplasm (almost dead, chance to affect: 93%)
The endoplasm writhes in agony.
You kill the endoplasm!
Found 8 gold pieces.
You now have 239 gold pieces (gained 8).
Casting: Pain (safe; 2% risk of failure)
Confirm with . or Enter, or press ? or * to list all spells.
Aiming: Pain (safe; 2% risk of failure)
Press: ? - help, Shift-Dir - straight line, f - Sigmund
Aim: Sigmund, wielding a +0 scythe and wearing a +0 robe (wandering, hasn't noticed you, chance to affect: 88%) Sigmund shouts!
Sigmund writhes in agony.
Sigmund casts a spell at you. The puff of flame hits you!!
The fire burns you terribly! Sigmund closely misses you.
An endoplasm comes into view.
Sigmund hits you but does no damage.
The endoplasm moves out of view.
You hit Sigmund. You drain Sigmund.
Sigmund is moderately wounded.
Sigmund hits you with a +0 scythe!
Casting: Pain (safe; 2% risk of failure)
Confirm with . or Enter, or press ? or * to list all spells.
Aiming: Pain (safe; 2% risk of failure)
Press: ? - help, Shift-Dir - straight line, f/p - Sigmund
Aim: Sigmund, wielding a +0 scythe and wearing a +0 robe (moderately wounded, heavily drained, chance to affect: 90%) Sigmund writhes in agony!
Sigmund hits you with a +0 scythe!
* * * LOW HITPOINT WARNING * * *
Unknown command.
Casting: Pain (safe; 2% risk of failure)
Confirm with . or Enter, or press ? or * to list all spells.
Aiming: Vampiric Draining (dangerous; 6% risk of failure)
Press: ? - help, Shift-Dir - straight line, f/p - Sigmund
Aim: Sigmund, wielding a +0 scythe and wearing a +0 robe (heavily wounded, heavily drained)
You draw life force from Sigmund!
You feel life coursing into your body. Sigmund hits you with a +0 scythe!
You die...

...........##.#.................#
............#.##.............!...
.................................
.#####..........####....#........
#*,,,##...........##.##.###...<..
*,,,,,#................>.###.....
,,,*,,#.......##..........##.....
*,,,,,#.#######..####......#.....
**,,,*#..# *##@#* ##..........#
,**,*##..#####..@.# #...##....##
,,*,*#............# #.####..#...
,,*,*##..........#####.#####.#...
,,*,*##..................#...#...
,**,*#.............####.......#..
**,,,##............#***#...!..#..
*,,,,,#..........#...###....#....
,,,*,,###......##*,.........####.


You could see Sigmund (drained).

Vanquished Creatures
  A scorpion (D:4)
  A hound (D:4)
  Jessica (D:2)
  An iguana (D:4)
  An orc wizard (D:3)
  6 adders
  A worm (D:2)
  A dart slug (D:1)
  5 orcs
  3 ball pythons
  6 endoplasms
  6 giant cockroaches
  6 goblins
  7 hobgoblins
  3 jackals (D:2)
  2 quokkas
  8 bats
  A frilled lizard (D:2)
  3 kobolds
  9 rats
72 creatures vanquished.

Vanquished Creatures (collateral kills)
  A ball python (D:2)
1 creature vanquished.

Grand Total: 73 creatures vanquished

Notes
Turn   | Place    | Note
-------+----------+-------------------------------------------
     0 | D:1      | Blejac999 the Mummy Necromancer began the quest for the
                  | Orb.
     0 | D:1      | Reached XP level 1. HP: 13/13 MP: 4/4
    10 | D:1      | Learned a level 1 spell: Animate Skeleton
   259 | D:1      | Reached XP level 2. HP: 19/19 MP: 3/5
  1374 | D:2      | Reached XP level 3. HP: 24/24 MP: 6/8
  2005 | D:2      | Noticed Jessica
  2008 | D:2      | Killed Jessica
  2009 | D:2      | Reached XP level 4. HP: 30/30 MP: 8/10
  2603 | D:3      | Reached skill level 5 in Necromancy
  2899 | D:2      | Learned a level 3 spell: Vampiric Draining
  2904 | D:2      | Learned a level 4 spell: Animate Dead
  3087 | D:3      | Reached XP level 5. HP: 29/35 MP: 8/11
  3212 | D:3      | Found a blossoming altar of Fedhas.
  3231 | D:3      | Found a snail-covered altar of Cheibriados.
  3593 | D:4      | Reached skill level 5 in Spellcasting
  3815 | D:4      | Noticed Sigmund
  4087 | D:4      | Reached XP level 6. HP: 27/42 MP: 10/14
  4363 | D:4      | Found Wozakh's Weapon Emporium.
  4783 | D:4      | Slain by Sigmund

Illustrated notes

Levels and vault maps discovered:
D:1:      dpeg_arrival_shelter, layout_loops_ring
D:2:      layout_basic, uniq_jessica
D:3:      layout_basic, mainiacjoe_overflow_catwalk_spiral, nrook_mini_backslash
D:4:      minmay_octagon_keep, layout_cave_pools, serial_shops, shop,
          uniq_sigmund

Skill      XL: |  1  2  3  4  5 |
---------------+----------------+-----
Spellcasting   | 3 4 5 |  5.8
Necromancy     | 5 |  5.6
Fighting       | |  0.3
Short Blades   | |  0.4
Dodging        | |  1.7
Stealth        | |  1.9
Shields        | |  0.1

Action                   |  1- 3 |  4- 6 || total
-------------------------+-------+-------++-------
Melee: Dagger            |    11 |    39 ||    50
 Cast: Pain              |    72 |    60 ||   132
       Animate Skeleton  |     1 |       ||     1
       Vampiric Draining |       |     1 ||     1
  Use: Scroll            |     4 |     5 ||     9
 Stab: Sleeping          |     1 |       ||     1
       Distracted        |       |     1 ||     1
Armor: Robe              |     1 |    16 ||    17
Dodge: Dodged            |    15 |    18 ||    33
Block: Buckler           |     3 |     6 ||     9

Table legend: (Time is in decaauts)
 A = Elapsed time spent in this place.
 B = Non-inter-level travel time spent in this place.
 C = Inter-level travel time spent in this place.
 D = Time resting spent in this place.
 E = Time spent auto-exploring this place.
 F = Levels seen in this place.
 G = Mean time per level.
                   A        B        C        D        E       F      G
               +--------+--------+--------+--------+--------+-----+--------+
         Total |   4789 |   4627 |    162 |   1757 |   2312 |   4 | 1197.2 |
       Dungeon |   4789 |   4627 |    162 |   1757 |   2312 |   4 | 1197.2 |
               +--------+--------+--------+--------+--------+-----+--------+

Top non-repeatable levels by time:
     D:2: 1740 daAuts
     D:3: 1256 daAuts
     D:1: 995 daAuts
     D:4: 797 daAuts
